 Dungeon Crawl Stone Soup version 0.23.2 (webtiles) character file.

Game seed: 16654257690458273140

261 Borgoz the Ducker (level 6, 0/51 HPs)
             Began as a Ghoul Gladiator on Apr 4, 2019.
             Slain by a sky beast (5 damage)
             ... on level 3 of the Dungeon.
             The game lasted 00:04:20 (2315 turns).

Borgoz the Ducker (Ghoul Gladiator)                 Turns: 2315, Time: 00:04:21

Health: 0/51       AC:  6    Str: 18    XL:     6   Next: 18%
Magic:  5/5        EV: 13    Int:  5    God:
Gold:   228        SH:  0    Dex: 10    Spells: 5/5 levels left

rFire    . . .     SeeInvis .   a - +0 rapier
rCold    + . .     Gourm    .   (no shield)
rNeg     + + +     Faith    .   b - +0 leather armour
rPois    ∞         Spirit   .   m - +2 helmet
rElec    .         Reflect  .   (no cloak)
rCorr    .         Harm     .   (no gloves)
MR       .....                  (no boots)
Stlth    ++........             (no amulet)
HPRegen  0.00/turn              (no ring)
MPRegen  0.09/turn              (no ring)

@: rotting
A: rotting body, claws 1, carnivore, cold resistance 1, negative energy
resistance 3, inhibited regeneration, torment resistance, unbreathing
a: no special abilities


You were on level 3 of the Dungeon.
You were not hungry.

You visited 1 branch of the dungeon, and saw 3 of its levels.

You collected 228 gold pieces.

Inventory:

Hand Weapons
 a - a +0 rapier (weapon)
Missiles
 d - a throwing net (quivered)
 g - 3 tomahawks
Armour
 b - a +0 leather armour (worn)
 c - a +0 helmet
 m - a +2 helmet (worn)
Scrolls
 e - 4 scrolls of teleportation {unknown}
 i - a scroll of remove curse {unknown}
 j - 3 scrolls of identify {unknown}
 l - 3 scrolls of random uselessness {unknown}
 o - a scroll of fog {unknown}
Potions
 h - a potion of lignification {unknown}
 k - 2 potions of haste {unknown}
Comestibles
 f - 10 rations
 n - 2 chunks of flesh


   Skills:
 + Level 3.0 Fighting
 * Level 3.8 Short Blades
 - Level 1.7 Throwing
 * Level 2.3 Armour
 * Level 4.0 Dodging
 + Level 2.0 Stealth


You had 5 spell levels left.
You didn't know any spells.
Your spell library was empty.

Dungeon Overview and Level Annotations

Branches:
Dungeon (3/15)

Altars:
Zin


Innate Abilities, Weirdness & Mutations

Your body is rotting away.
You thrive on raw meat.
You are immune to poison.
You have sharp fingernails.
You are carnivorous and can eat meat at any time.
Your flesh is cold resistant. (rC+)
You are immune to negative energy. (rN+++)
You do not regenerate when monsters are visible.
You are immune to unholy pain and torment.
You can survive without breathing.


Message History

Eat one of 5 chunks of flesh? (ye/n/q)
You eat one of the 5 chunks of flesh.
This raw flesh tastes great!
Something hits you.
* * * LOW HITPOINT WARNING * * *
Something shocks you.
* * * LOW HITPOINT WARNING * * *
Eat one of 4 chunks of flesh? (ye/n/q)
You eat one of the 4 chunks of flesh.
This raw flesh tastes great!
Something hits you.
* * * LOW HITPOINT WARNING * * *
Something shocks you.
* * * LOW HITPOINT WARNING * * *
Eat one of 3 chunks of flesh? (ye/n/q)
You eat one of the 3 chunks of flesh.
This raw flesh tastes great!
A sky beast appears from thin air!
Reactivating autopickup.
The sky beast hits you.
* * * LOW HITPOINT WARNING * * *
The sky beast shocks you.
You die...

#####.#.# .. ..#
....#.#.# %. .>#
......#.# . ..#
###.###.### #.#..
..........# #§#.####
###.###.#.# #......#
..#.#...#.# #.#
....#...#.# #Y#
......#.#.# #@#
......#.#.# #.#
......#.#.######.#
......#.#........#
......#.###...########
..........'...'......<
###.###.###...########
# #.# #.# #...# # #.#
#.# #...#


You could see a sky beast.

Vanquished Creatures
  An orc priest (D:3)
  3 orc wizards (D:3)
  Terence (D:2)
  3 adders (D:3)
  An ooze (D:1)
  A worm (D:3)
  8 dart slugs
  A leopard gecko (D:3)
  17 orcs (D:3)
  A giant cockroach (D:2)
  10 goblins
  9 hobgoblins
  2 quokkas (D:2)
  7 bats
  4 frilled lizards
  8 kobolds
  8 rats
85 creatures vanquished.

Notes
Turn   | Place    | Note
-------+----------+-------------------------------------------
     0 | D:1      | Borgoz the Ghoul Gladiator began the quest for the Orb.
     0 | D:1      | Reached XP level 1. HP: 17/17 MP: 0/0
   254 | D:1      | Reached XP level 2. HP: 24/24 MP: 1/1
   521 | D:1      | Reached skill level 1 in Armour
   525 | D:1      | Reached skill level 3 in Dodging
   525 | D:1      | Reached XP level 3. HP: 27/30 MP: 2/2
   794 | D:2      | Reached skill level 1 in Stealth
   870 | D:2      | Noticed Terence
   888 | D:2      | Killed Terence
   919 | D:2      | Reached XP level 4. HP: 31/37 MP: 3/3
  1526 | D:3      | Reached XP level 5. HP: 41/44 MP: 4/4
  1656 | D:3      | Found a glowing silver altar of Zin.
  1988 | D:3      | Reached skill level 4 in Dodging
  1988 | D:3      | Reached XP level 6. HP: 31/51 MP: 5/5
  2295 | D:3      | Noticed a sky beast
  2313 | D:3      | HP: 2/51 [something (5)]
  2315 | D:3      | Slain by a sky beast

Skill      XL: |  1  2  3  4  5  6 |
---------------+-------------------+-----
Short Blades   | 3 |  3.8
Armour         | 1 2 |  2.3
Dodging        | 3 4 |  4.0
Stealth        | 1 2 |  2.0
Fighting       | 3 |  3.0
Throwing       | |  1.7

Action                   |  1- 3 |  4- 6 || total
-------------------------+-------+-------++-------
Melee: Rapier            |    97 |   205 ||   302
Throw: Throwing net      |       |     2 ||     2
 Stab: Sleeping          |       |     2 ||     2
  Eat: Chunk             |     8 |    25 ||    33
Armor: Leather armour    |    26 |    41 ||    67
Dodge: Dodged            |    59 |   107 ||   166
